 Dungeon Crawl Stone Soup version 0.19-a0-854-gc78d25d (webtiles) character file.

58 4thArraOfDagon the Chopper (level 3, -3/31 HPs)
             Began as a Centaur Chaos Knight on July 1, 2016.
             Was an Initiate of Okawaru.
             Slain by an orc
             ... wielding a +0 dagger
              (5 damage)
             ... on level 3 of the Dungeon.
             The game lasted 00:02:12 (470 turns).

4thArraOfDagon the Chopper (Centaur Chaos Knight)    Turns: 470, Time: 00:02:13

Health: -3/31      AC:  6    Str: 13 (14) XL:     3   Next: 76%
Magic:  3/3        EV:  6    Int: 10 (12) God:    Okawaru [......]
Gold:   103        SH:  7    Dex:  6 (8)  Spells: 0 memorised, 2 levels left

rFire  . . .     SeeInvis .     a - +0 hand axe (chaos)
rCold  . . .     Gourm    .     b - +2 leather armour
rNeg   . . .     Faith    .     m - +1 shield {rPois}
rPois  +         Spirit   .     (no helmet)
rElec  .         Dismiss  .     (no cloak)
rCorr  .         Reflect  .     (no gloves)
SustAt .         Harm     .     (no barding)
MR     .....                    (no amulet)
Stlth  ..........               (no ring)
                                (no ring)

@: very quick, not resistant to hostile enchantments, extremely unstealthy
A: hooves 3, deformed body, speed 2, tough skin 3
a: Renounce Religion


You were on level 3 of the Dungeon.
You worshipped Okawaru.
Okawaru was noncommittal.
You were not hungry.

You visited 1 branch of the dungeon, and saw 3 of its levels.

You collected 103 gold pieces.

Inventory:

Hand Weapons
 a - a +0 hand axe of chaos (weapon)
Armour
 b - a +2 leather armour (worn)
 m - a +1 shield of poison resistance (worn)
Scrolls
 d - a scroll of magic mapping {unknown}
 g - 2 scrolls of immolation {unknown}
 h - a scroll of enchant weapon {unknown}
 j - a scroll of identify {unknown}
 k - a scroll of recharging {unknown}
 n - a scroll of noise {unknown}
 o - a scroll of amnesia {unknown}
Comestibles
 c - a bread ration
 f - a meat ration


   Skills:
 + Level 3.4 Fighting
 * Level 3.6 Axes
 + Level 1.8 Armour
 - Level 0.6 Dodging
 + Level 0.3 Shields


You had 2 spell levels left.
You didn't know any spells.

Dungeon Overview and Level Annotations

Branches:
Dungeon (3/15)

Altars:
Cheibriados
Dithmenos
Nemelex Xobeh
Okawaru
Zin


Innate Abilities, Weirdness & Mutations

You have hooves in place of feet.
Armour fits poorly on your strangely shaped body.
You cover ground very quickly.
You have extremely tough skin. (AC +3)


Message History

The hobgoblin hits you with a club.
* * * LOW HITPOINT WARNING * * *
You block the hobgoblin's attack.
Unknown command.
You hit the hobgoblin. You freeze the hobgoblin.
You kill the hobgoblin!
Okawaru accepts your kill.
You hit the orc priest. You burn the orc priest.
Unknown command.
Unknown command.
You hit the orc priest.
You kill the orc priest!
Okawaru accepts your kill.
You feel your intelligence returning.
The giant cockroach waves its antennae.
Unknown command.
You hit the orc. You burn the orc.
The orc is heavily wounded.
The orc hits you with a dagger.
You die...

### .....#
....#
....# .
...# ...
...#
.....###.#
......so)#
.o..####@#
. ###


You could see an orc and a giant cockroach.

Vanquished Creatures
  An orc priest (D:3)
  An adder (D:2)
  3 orcs (D:3)
  A giant cockroach (D:1)
  A goblin (D:2)
  A hobgoblin (D:3)
  A quokka (D:2)
  A ball python (D:2)
  5 bats
  4 rats
19 creatures vanquished.

Notes
Turn   | Place    | Note
-------+----------+-------------------------------------------
     0 | D:1      | 4thArraOfDagon the Centaur Chaos Knight began the quest for the Orb.
     0 | D:1      | Reached XP level 1. HP: 19/19 MP: 1/1
    69 | D:2      | XOM: harmless Tmut miscast
    73 | D:2      | XOM: harmless Conj miscast
   101 | D:2      | Found a sparkling altar of Nemelex Xobeh.
   108 | D:2      | Reached XP level 2. HP: 26/26 MP: 2/2
   166 | D:2      | XOM: silly message
   202 | D:2      | Found a snail-covered altar of Cheibriados.
   202 | D:2      | Found a glowing silver altar of Zin.
   205 | D:2      | Found an iron altar of Okawaru.
   209 | D:2      | Found a shadowy altar of Dithmenos.
   217 | D:2      | Fell from the grace of Xom
   217 | D:2      | Became a worshipper of Warmaster Okawaru
   462 | D:3      | Reached XP level 3. HP: 15/31 MP: 3/3
   467 | D:3      | HP: 1/31 [hobgoblin/club (5)]
   470 | D:3      | Slain by an orc

Vault maps used:
D:1:      dpeg_arrival_rooms_with_view, serial_forest,
          infiniplex_forest_clump_diagonal, infiniplex_forest_straight_4,
          infiniplex_forest_zigzag_1, infiniplex_forest_fountain,
          infiniplex_forest_lined_2, infiniplex_forest_corner_1,
          infiniplex_forest_straight_4, infiniplex_forest_lined_2,
          minmay_tetromino_l4
D:2:      lemuel_round_altar, grunt_temple_overflow_cloverleaf, first_bread,
          st_stairs_3, uniq_robin, uniq_crazy_yiuf_cottage
D:3:      nicolae_ashenzari_panopticon, overflow_temple_1_default,
          ecumenical_altar_1

Skill      XL: |  1 |
---------------+----+-----
Axes           | 3 |  3.6
Fighting       | |  3.4
Armour         | |  1.8
Dodging        | |  0.6
Shields        | |  0.3

Action                   || total
-------------------------++-------
Melee: Hand axe          ||    60
       Kick              ||     7
  Use: Potion            ||     3
Armor: Leather armour    ||    41
Dodge: Dodged            ||    25
Block: Shield            ||    14
